 Dungeon Crawl Stone Soup version 0.24-a0-434-gd57e52fea8 (webtiles) character file.

Game seed: 17540916120252946799

21525 vurker the Cleaver (level 12, -6/100 HPs)
             Began as a Demonspawn Gladiator on June 15, 2019.
             Was a Priest of Yredelemnul.
             Mangled by Rupert
             ... wielding a +0 battleaxe of chopping
              (14 damage)
             ... on level 5 of the Lair of Beasts.
             The game lasted 00:33:12 (21824 turns).

vurker the Cleaver (Demonspawn Gladiator)          Turns: 21824, Time: 00:33:12

Health: -6/100     AC: 15    Str: 23    XL:     12   Next: 55%
Magic:  0/19       EV: 12    Int: 10    God:    Yredelemnul [***...]
Gold:   993        SH:  0    Dex: 16    Spells: 11/11 levels left

rFire    . . .     SeeInvis .   B - +0 battleaxe
rCold    + . .     Gourm    .   (shield currently unavailable)
rNeg     . . .     Faith    .   r - +0 chain mail
rPois    +         Spirit   +   s - +1 helmet
rElec    .         Reflect  .   h - +0 cloak
rCorr    .         Harm     .   G - +2 pair of gloves
MR       .....                  (no boots)
Stlth    ..........             (no amulet)
HPRegen  0.26/turn              F - ring of poison resistance
MPRegen  0.16/turn              o - ring of protection from cold

@: mighty
A: hooves 2, repulsion field 2, powered by pain 2, magic shield
a: Recall Undead Slaves, Injury Mirror, Animate Dead, Renounce Religion


You were on level 5 of the Lair of Beasts.
You worshipped Yredelemnul.
Yredelemnul was most pleased with you.
You were not hungry.

You visited 3 branches of the dungeon, and saw 17 of its levels.
You visited the Abyss 1 time.

You collected 1083 gold pieces.
You spent 90 gold pieces at shops.

Inventory:

Hand Weapons
 a - a +1 war axe
 b - a +0 demon whip of flaming
   (You found it on level 8 of the Dungeon)
 B - a +0 battleaxe (weapon)
   (You took it off an orc warrior on level 10 of the Dungeon)
Missiles
 y - 5 throwing nets (quivered) {!f}
Armour
 h - a +0 cloak (worn)
   (You found it on level 1 of the Dungeon)
 r - a +0 chain mail (worn)
   (You found it on level 5 of the Dungeon)
 s - a +1 helmet (worn)
 C - a +0 buckler
   (You bought it in a shop on level 8 of the Dungeon)
 G - a +2 pair of gloves (worn)
   (You found it on level 1 of the Lair of Beasts)
 K - a +0 pair of boots
   (You found it on level 3 of the Lair of Beasts)
Jewellery
 o - a ring of protection from cold (right hand)
   (You found it on level 7 of the Dungeon)
 F - a ring of poison resistance (left hand)
   (You found it on level 10 of the Dungeon)
Wands
 c - a wand of disintegration (8)
   (You found it on level 6 of the Dungeon)
 d - a wand of iceblast (13)
   (You found it on level 2 of the Lair of Beasts)
 m - a wand of polymorph (9)
   (You found it on level 3 of the Dungeon)
 t - a wand of flame (17)
   (You took it off Ijyb on level 5 of the Dungeon)
 u - a wand of paralysis (3)
   (You found it on level 3 of the Dungeon)
 v - a wand of digging (2)
   (You found it on level 10 of the Dungeon)
 x - a wand of acid (30)
   (You found it on level 6 of the Dungeon)
Scrolls
 f - 6 scrolls of identify {@r1}
 g - 4 scrolls of remove curse {@r2}
 n - 2 scrolls of teleportation {@r4}
 q - 2 scrolls of immolation {!r}
 w - a scroll of silence
 D - 4 scrolls of magic mapping
 E - 2 scrolls of fear
 J - a scroll of enchant weapon
Potions
 i - 7 potions of curing {@q1}
 j - a potion of haste {@q3}
 k - 6 potions of flight
 l - 2 potions of lignification {!q}
 p - 3 potions of mutation {!q}
 z - 3 potions of agility
 A - 2 potions of cancellation
 I - 3 potions of ambrosia {unknown}
 L - 2 potions of might {unknown}
Comestibles
 e - 16 rations {!d}


   Skills:
 + Level 11.0 Fighting
 * Level 13.8 Axes
 - Level 1.7 Throwing
 + Level 3.1 Armour
 - Level 2.6 Dodging
 - Level 4.0 Shields
 + Level 10.3 Invocations


You had 11 spell levels left.
You didn't know any spells.
Your spell library contained the following spells:

 Spells                   Type           Power        Failure   Level  Hunger
 Beastly Appendage        Tmut           #.....       97%         1    ##.....
 Corona                   Hex            #......      97%         1    ##.....
 Freeze                   Ice            #...         97%         1    ##.....
 Magic Dart               Conj           #...         97%         1    ##.....
 Summon Small Mammal      Summ           #...         97%         1    ##.....
 Blink                    Tloc           N/A          99%         2    ###....
 Call Imp                 Summ           #.......     99%         2    ###....
 Ensorcelled Hibernation  Hex/Ice        #.....       99%         2    ###....
 Slow                     Hex            #.......     99%         2    ###....
 Sticks to Snakes         Tmut           #.......     99%         2    ###....
 Call Canine Familiar     Summ           #.......     100%        3    ####...
 Confuse                  Hex            #.......     100%        3    ####...
 Conjure Flame            Conj/Fire      #.......     100%        3    ####...
 Dazzling Spray           Conj/Hex       #.....       100%        3    ####...
 Gell's Gravitas          Tloc           #.........   100%        3    ####...
 Mephitic Cloud           Conj/Pois/Air  #.......     100%        3    ####...
 Ozocubu's Armour         Chrm/Ice       #.......     100%        3    ####...
 Spider Form              Tmut/Pois      #.........   100%        3    ####...
 Summon Guardian Golem    Hex/Summ       #.......     100%        3    ####...
 Tukima's Dance           Hex            #.......     100%        3    ####...
 Ice Form                 Ice/Tmut       #.......     100%        4    #####..
 Summon Ice Beast         Ice/Summ       #.......     100%        4    #####..
 Summon Lightning Spire   Summ/Air       #.......     100%        4    #####..
 Blade Hands              Tmut           #.........   100%        5    ######.
 Ozocubu's Refrigeration  Ice            #.........   100%        6    #######
 Malign Gateway           Summ/Tloc      #.........   100%        7    #######


Dungeon Overview and Level Annotations

Branches:
Dungeon (11/15)            Temple (1/1) D:7            Lair (5/6) D:9
  Swamp (0/4) Lair:2       Spider (0/4) Lair:2          Orc (0/2) D:10
  Slime: Lair:5-6

Altars:
Ashenzari
Cheibriados
Dithmenos
Elyvilon
Fedhas
Gozag
Hepliaklqana
Kikubaaqudgha
Makhleb
Nemelex Xobeh
Okawaru
Qazlal
Ru
Sif Muna
Trog
Uskayaw
Vehumet
Wu Jian
Xom
Yredelemnul
Zin
The Shining One

Shops:
D:4 (   D:5 *   D:6 ?   D:8 *

Annotations:
D:11 Fannar
Lair:3 exclusion: oklob plant
Lair:5 Rupert


Innate Abilities, Weirdness & Mutations

You have hoof-like feet.
You are surrounded by a moderate repulsion field. (EV +3)
You sometimes gain power by taking damage.
When hurt, damage is shared between your health and your magic reserves.


Message History

Rupert goes berserk!
Aim: Rupert, wielding a +0 battleaxe of chopping and wearing a +0 chain mail (berserk, fast, unusually strong, chance to defeat MR: 1%)
Okay, then.
The blink frog hits your flying skull.
Your flying skull closely misses the blink frog.
The blink frog hits your flying skull!
Your flying skull hits the blink frog!
The blink frog dies!
Yredelemnul accepts your kill.
You slash the spiny frog! You kick the spiny frog. You slash Rupert!
The blink frog closely misses your flying skull.
Your flying skull misses the blink frog.
Your flying skull completely misses the blink frog.
Rupert hits you with a +0 battleaxe of chopping!!
You focus on the pain.
You feel your power returning.
Rupert completely misses your flying skull.
The blink frog blinks!
The spiny frog stings you but does no damage.
The blink frog hits your flying skull but does no damage.
You slice the spiny frog!!
You kill the spiny frog!
Yredelemnul accepts your kill.
Your base Fighting skill increases to level 11!
You closely miss Rupert. Rupert closely misses you.
Rupert barely misses your flying skull.
Your flying skull hits the blink frog.
The blink frog misses your flying skull.
Your flying skull hits Rupert but does no damage.
Rupert hits you with a +0 battleaxe of chopping!!
* * * LOW HITPOINT WARNING * * *
* * * LOW HITPOINT WARNING * * *
Rupert barely misses your flying skull. Rupert misses your flying skull.
You hear an angry hiss.
Your flying skull barely misses the blink frog.
Your flying skull closely misses the blink frog.
The blink frog barely misses something.
The blink frog blinks!
Rupert hits you with a +0 battleaxe of chopping!!!
* * * LOW HITPOINT WARNING * * *
You focus on the pain.
You feel very mighty all of a sudden.
* * * LOW HITPOINT WARNING * * *
Something closely misses the blink frog.
Okay, then.
You feel better.
Your flying skull misses the blink frog.
Your flying skull hits the blink frog!
The blink frog dies!
Yredelemnul accepts your kill.
Your life force feels restored.
Rupert hits you with a +0 battleaxe of chopping!
You die...
Your body rises from the dead as a mindless zombie.

..................#
......P...<.......P
....#P............P
#.............PP
##..............
#..............
########..............
##....#..#.......P....P
#.......##.@...#.#..#.
.........#@.###.....P
......z...P........
......$..z.........
......†............
....z.z......F#...
.....z.........##.
P..#.......#..#..
..z..............


You could see Rupert (berserk), a blink frog and 4 friendly flying skulls.

Vanquished Creatures
  Erolcha (D:11)
  A hydra (Lair:4)
  A two-headed ogre (D:8)
  Nergalle (Lair:3)
  A black mamba (Lair:3)
  5 spiny frogs
  2 komodo dragons
  A polar bear (Lair:1)
  2 trolls (D:11)
  Prince Ribbit (D:5)
  6 hippogriffs
  A blink frog (Lair:5)
  A redback (Lair:2)
  33 yaks
  A vampire (D:11)
  A hungry ghost (D:7)
  3 water moccasins
  Edmund (D:5)
  Duvessa (D:4)
  8 porcupines
  4 sky beasts
  2 orc warriors
  2 black bears
  2 ice beasts
  4 phantoms
  An eye of draining (D:10)
  2 necrophages
  6 ogres
  7 centaurs
  2 crocodiles
  Blork the orc (D:4)
  A big kobold (D:9)
  A gnoll sergeant (D:7)
  6 bullfrogs
  Dowan (D:4)
  A wyvern zombie (D:6)
  4 scorpions
  10 killer bees
  4 wights (D:9)
  3 electric eels
  2 jellies (D:10)
  A bullfrog zombie (D:11)
  A centaur zombie (D:8)
  3 crimson imps
  5 hounds
  A gnoll shaman (D:8)
  4 orc priests (D:4)
  Crazy Yiuf (D:3)
  5 orc wizards
  2 bullfrog skeletons
  Jessica (D:3)
  4 iguanas
  Ijyb (D:5)
  Natasha (thrice) (D:4)
  5 hell rats (Lair:4)
  6 worker ants
  19 adders
  9 gnolls
  4 shadow imps
  An adder zombie (D:6)
  2 worms
  2 dart slugs
  5 leopard geckos
  26 orcs
  11 giant cockroaches
  5 goblins
  5 hobgoblins
  16 jackals
  5 quokkas
  A ball python (D:4)
  5 bats
  5 frilled lizards (D:2)
  13 kobolds
  A quokka zombie (D:6)
  9 rats
  A fungus (Lair:2)
326 creatures vanquished.

Vanquished Creatures (collateral kills)
  A hydra (Lair:3)
  Sonja (Lair:3)
  A spiny frog (Lair:5)
  A black mamba (Lair:3)
  A rime drake (Lair:4)
  A hippogriff (Lair:2)
  2 blink frogs (Lair:5)
  2 redbacks (Lair:2)
  8 yaks
  A basilisk (Lair:3)
  A water moccasin (Lair:2)
  A crocodile (Lair:3)
  2 bullfrogs (Lair:2)
  A butterfly (Lair:4)
  3 fungi
27 creatures vanquished.

Vanquished Creatures (others)
  5 flying skulls
  A yak zombie (Lair:2)
  A porcupine zombie (Lair:2)
  2 fungi
  A plant (Lair:3)
  4 starspawn tentacles (Abyss:1)
14 creatures vanquished.

Grand Total: 367 creatures vanquished

Notes
Turn   | Place    | Note
-------+----------+-------------------------------------------
     0 | D:1      | vurker the Demonspawn Gladiator began the quest for the
                  | Orb.
     0 | D:1      | Reached XP level 1. HP: 16/16 MP: 1/1
   346 | D:1      | Reached skill level 3 in Axes
   440 | D:1      | Gained mutation: You are surrounded by a mild repulsion
                  | field. (EV +2) [demonic ancestry]
   440 | D:1      | Reached XP level 2. HP: 22/22 MP: 2/2
   926 | D:2      | Gained mutation: You sometimes gain a little power by
                  | taking damage. [demonic ancestry]
   926 | D:2      | Reached XP level 3. HP: 24/28 MP: 3/3
  1399 | D:2      | Reached skill level 4 in Axes
  1405 | D:2      | Reached XP level 4. HP: 34/34 MP: 4/4
  2068 | D:3      | Found an ancient bone altar of Kikubaaqudgha.
  2505 | D:3      | Gained mutation: You have large cloven feet. [demonic
                  | ancestry]
  2505 | D:3      | Reached XP level 5. HP: 35/41 MP: 5/5
  2573 | D:3      | Noticed Jessica
  2579 | D:3      | Killed Jessica
  2695 | D:3      | Found a runed translucent door.
  2696 | D:3      | Noticed Crazy Yiuf
  2866 | D:3      | Killed Crazy Yiuf
  3197 | D:4      | Reached skill level 5 in Axes
  3453 | D:4      | Noticed Dowan
  3454 | D:4      | Noticed Duvessa
  3478 | D:4      | Killed Duvessa
  3478 | D:4      | Reached XP level 6. HP: 9/48 MP: 6/6
  3479 | D:4      | Killed Dowan
  3845 | D:4      | Reached skill level 6 in Axes
  3856 | D:4      | Gained mutation: You have hoof-like feet. [demonic
                  | ancestry]
  3856 | D:4      | Reached XP level 7. HP: 23/55 MP: 7/7
  4267 | D:4      | Noticed Blork the orc
  4273 | D:4      | Killed Blork the orc
  4273 | D:4      | Reached skill level 5 in Fighting
  4322 | D:4      | Noticed Natasha
  4327 | D:4      | Killed Natasha
  4606 | D:4      | Noticed Natasha
  4613 | D:4      | Killed Natasha
  4682 | D:4      | Reached skill level 7 in Axes
  4686 | D:4      | Found Xoyjur's Weapon Boutique.
  5687 | D:4      | Noticed Natasha
  5695 | D:4      | Killed Natasha
  5987 | D:5      | Entered Level 5 of the Dungeon
  6016 | D:5      | Found a stormy altar of Qazlal.
  6133 | D:5      | Found Fogail's General Store.
  6201 | D:5      | Noticed Prince Ribbit
  6210 | D:5      | Killed Prince Ribbit
  6210 | D:5      | Reached XP level 8. HP: 24/64 MP: 8/8
  6414 | D:5      | Found a shattered altar of Ashenzari.
  6471 | D:5      | Noticed Ijyb
  6485 | D:5      | Killed Ijyb
  6602 | D:5      | Found a glowing silver altar of Zin.
  6602 | D:5      | Found a shimmering altar of Xom.
  6602 | D:5      | Noticed an angel
  6683 | D:5      | Noticed Edmund
  6692 | D:5      | Killed Edmund
  6692 | D:5      | Reached skill level 8 in Axes
  7613 | D:6      | Reached skill level 9 in Axes
  7717 | D:6      | Found Miekyng's Magic Scroll Shop.
  7771 | D:6      | Gained mutation: You are surrounded by a moderate repulsion
                  | field. (EV +3) [demonic ancestry]
  7771 | D:6      | Reached XP level 9. HP: 15/72 MP: 9/9
  9196 | D:7      | Reached skill level 10 in Axes
  9285 | D:7      | Found a staircase to the Ecumenical Temple.
  9294 | Temple   | Entered the Ecumenical Temple
  9382 | Temple   | Became a worshipper of Yredelemnul the Dark
  9413 | D:7      | Reached skill level 1 in Invocations
 10056 | D:8      | Found Oplibin's Assorted Antiques.
 10064 | D:8      | Bought a buckler for 90 gold pieces
 10248 | D:8      | Noticed a two-headed ogre
 10254 | D:8      | Reached * piety under Yredelemnul
 10260 | D:8      | Killed a two-headed ogre
 10260 | D:8      | Reached skill level 1 in Shields
 10260 | D:8      | Gained mutation: You sometimes gain power by taking damage.
                  | [demonic ancestry]
 10260 | D:8      | Reached XP level 10. HP: 55/81 MP: 12/12
 10527 | D:8      | Identified the Almanac of the Traveller and the Glacier
 10976 | D:8      | Got a faintly glowing leather armour
 11043 | D:8      | Found a deep blue altar of Sif Muna.
 11410 | D:9      | Reached skill level 11 in Axes
 11667 | D:9      | Found a staircase to the Lair.
 11853 | D:9      | Reached ** piety under Yredelemnul
 11853 | D:9      | Reached skill level 5 in Invocations
 12293 | D:10     | Entered Level 10 of the Dungeon
 13354 | D:10     | Found a staircase to the Orcish Mines.
 13620 | D:10     | Gained mutation: When hurt, damage is shared between your
                  | health and your magic reserves. [demonic ancestry]
 13620 | D:10     | Reached XP level 11. HP: 45/89 MP: 15/15
 14021 | D:10     | Reached skill level 12 in Axes
 14539 | D:11     | Noticed Erolcha
 14560 | D:11     | Paralysed by Erolcha for 3 turns
 14564 | D:11     | Killed Erolcha
 15378 | D:11     | Noticed Fannar
 15516 | Lair:1   | Entered Level 1 of the Lair of Beasts
 15799 | Lair:1   | Got a scorched falchion
 16471 | Lair:2   | Reached *** piety under Yredelemnul
 16476 | Lair:2   | Reached skill level 10 in Fighting
 17393 | Lair:2   | Found a staircase to the Swamp.
 17505 | Lair:2   | Reached skill level 13 in Axes
 17724 | Lair:2   | Received a gift from Yredelemnul (5 flying skulls)
 17899 | Lair:2   | Found a hole to the Spider Nest.
 18223 | Lair:3   | Noticed Nergalle
 18231 | Lair:3   | Noticed Sonja
 18236 | Lair:2   | Reached XP level 12. HP: 56/98 MP: 9/18
 18395 | Lair:3   | Killed Nergalle
 18395 | Lair:3   | Reached skill level 1 in Armour
 18398 | Lair:3   | Cast into level 1 of the Abyss (Sonja)
 18509 | Abyss:1  | Noticed a tentacled starspawn
 18672 | Abyss:1  | Noticed a starcursed mass
 18823 | Abyss:1  | Found a corrupted altar of Lugonu.
 18911 | Lair:3   | Escaped the Abyss
 18911 | Lair:3   | Killed Sonja
 19356 | Lair:3   | Noticed a six-headed hydra
 19374 | Lair:3   | Killed a six-headed hydra
 20309 | Lair:4   | Reached skill level 10 in Invocations
 21380 | Lair:4   | Noticed a five-headed hydra
 21388 | Lair:4   | Killed a five-headed hydra
 21388 | Lair:4   | Received a gift from Yredelemnul (4 flying skulls)
 21812 | Lair:5   | Noticed Rupert
 21823 | Lair:5   | HP: 2/100 [Rupert/+0 battleaxe of chopping (5)]
 21824 | Lair:5   | Mangled by Rupert

Levels and vault maps discovered:
D:1:      eino_arrival_tree_alley, layout_basic
D:2:      minmay_evil_eye, layout_basic, first_ration, minmay_worlds_worst_comb
D:3:      layout_basic, nicolae_overflow_crystal_walls, uniq_jessica,
          uniq_crazy_yiuf_cottage
D:4:      layout_basic, serial_shops, shop, uniq_natasha, uniq_blork_the_orc,
          uniq_duvessa
D:5:      layout_loops_corners, grunt_temple_overflow_order_and_chaos_1,
          evilmike_ruin_ashenzari, kennysheep_mini_moat, serial_shops,
          kennysheep_mini, uniq_ijyb, uniq_edmund, uniq_prince_ribbit1
D:6:      layout_loops_corners, serial_shops, nicolae_shop_crystal,
          minmay_alternating_orb
D:7:      layout_cave_pools, minmay_temple_entry_waves, nrook_pool_corridor
D:8:      layout_basic, lemuel_round_altar, serial_shops, nicolae_shop_trees
D:9:      layout_roguey, lair_entry_dummy
D:10:     layout_roguey, david_orc_2
D:11:     layout_basic, gauntlet_entry_generic, uniq_fannar, uniq_maurice,
          uniq_erolcha
Temple:   lightli_temple_of_artemis
Lair:1:   layout_chaotic_city
Lair:2:   layout_hall_layers, swamp_mist, spider_nest_entry_webs,
          infiniplex_staircase_pool
Lair:3:   layout_loops_ring, uniq_sonja, uniq_nergalle
Lair:4:   layout_hall_layers, kennysheep_catoblepas_arena, lemuel_fruit_fields,
          grunt_megastairs_1
Lair:5:   layout_gridlike, slime_altar_2, forest_entry_grove, uniq_rupert,
          uniq_nessos

Skill      XL: |  1  2  3  4  5  6  7  8  9 10 11 12 |
---------------+-------------------------------------+-----
Axes           | 3 4 5 6 7 9 10 11 13 | 13.8
Fighting       | 3 4 5 7 8 9 10 11 | 11.0
Invocations    | 3 6 9 10 | 10.3
Shields        | 1 4 |  4.0
Armour         | 3 |  3.1
Throwing       | |  1.7
Dodging        | |  2.6

Action                   |  1- 3 |  4- 6 |  7- 9 | 10-12 || total
-------------------------+-------+-------+-------+-------++-------
Melee: War axe           |   111 |   175 |   303 |   277 ||   866
       Kick              |       |    22 |   106 |   229 ||   357
       Battleaxe         |       |       |       |   388 ||   388
       Demon whip        |       |       |       |     8 ||     8
Invok: Animate Dead      |       |       |       |     4 ||     4
Evoke: Wand              |       |       |     5 |     6 ||    11
  Use: Scroll            |       |     8 |    11 |    12 ||    31
       Potion            |       |     1 |       |     6 ||     7
 Stab: Sleeping          |     1 |       |       |       ||     1
       Paralysed         |       |       |     7 |       ||     7
       Distracted        |       |       |       |     4 ||     4
  Eat: Chunk             |     2 |     5 |    13 |    21 ||    41
       Ration            |       |     1 |     3 |     6 ||    10
Armor: Leather armour    |    39 |     4 |       |       ||    43
       Ring mail         |       |    52 |    11 |       ||    63
       Scale mail        |       |       |     5 |       ||     5
       Chain mail        |       |       |   143 |   368 ||   511
Dodge: Dodged            |    93 |   135 |   156 |   421 ||   805
Block: Buckler           |       |       |     8 |    54 ||    62

Table legend:
 A = Non-vault XP
 B = Vault XP
 C = Vault XP percentage of total XP
 D = Non-vault monster count
 E = Vault monster count
 F = Vault count percentage of total count
                 A         B        C        D         E       F
            +---------+---------+-------+---------+---------+-------
      Total |   25645 |    5106 |  16.6 |     293 |      55 |  15.8
            +---------+---------+-------+---------+---------+-------
        D:1 |      27 |       0 |   0.0 |      16 |       0 |   0.0
        D:2 |      84 |      26 |  23.6 |      22 |      14 |  38.9
        D:3 |      78 |      77 |  49.7 |      23 |       2 |   8.0
        D:4 |     626 |     363 |  36.7 |      24 |       4 |  14.3
        D:5 |     348 |     475 |  57.7 |       7 |       3 |  30.0
        D:6 |    1101 |     406 |  26.9 |      12 |      12 |  50.0
        D:7 |     870 |       0 |   0.0 |      21 |       0 |   0.0
        D:8 |    1681 |       0 |   0.0 |      14 |       0 |   0.0
        D:9 |    2456 |       0 |   0.0 |      35 |       0 |   0.0
       D:10 |    3641 |      21 |   0.6 |      35 |       7 |  16.7
       D:11 |    1779 |    1048 |  37.1 |      17 |       1 |   5.6
     Lair:1 |    1068 |       0 |   0.0 |       7 |       0 |   0.0
     Lair:2 |    5517 |     472 |   7.9 |      33 |       3 |   8.3
     Lair:3 |    2724 |     978 |  26.4 |       9 |       2 |  18.2
     Lair:4 |    2450 |    1240 |  33.6 |      13 |       7 |  35.0
     Lair:5 |    1195 |       0 |   0.0 |       5 |       0 |   0.0
            +---------+---------+-------+---------+---------+-------
